 Dungeon Crawl Stone Soup version 0.21-a0-251-g5e8393f (webtiles) character file.

156 Deeps the Covered (level 5, -3/34 HPs)
             Began as a Gargoyle Fighter on Sept 5, 2017.
             Slain by a gnoll
             ... wielding a +0 whip
              (4 damage)
             ... on level 4 of the Dungeon.
             The game lasted 00:04:03 (3107 turns).

Deeps the Covered (Gargoyle Fighter)                Turns: 3107, Time: 00:04:03

Health: -3/34      AC: 16    Str: 21    XL:     5   Next: 38%
Magic:  5/5        EV:  5    Int:  8    God:
Gold:   138        SH:  9    Dex: 11    Spells: 4/4 levels left

rFire    . . .     SeeInvis .   a - +0 war axe
rCold    . . .     Gourm    .   c - +0 shield
rNeg     + . .     Faith    .   n - +0 chain mail
rPois    ∞         Spirit   .   (no helmet)
rElec    +         Reflect  .   e - +0 cloak
rCorr    .         Harm     .   (no gloves)
MR       .....                  (no boots)
Stlth    ..........             (no amulet)
HPRegen  0.51/turn              (no ring)
MPRegen  0.09/turn              (no ring)

@: no status effects
A: icy blue scales 1, agile 1, negative energy resistance 1, regeneration 1,
electricity resistance, unbreathing, petrification resistance, rot immunity, AC
+4
a: no special abilities


You were on level 4 of the Dungeon.
You were not hungry.

You visited 1 branch of the dungeon, and saw 4 of its levels.

You collected 138 gold pieces.

Inventory:

Hand Weapons
 a - a +0 war axe (weapon)
Missiles
 l - 2 javelins (quivered)
Armour
 c - a +0 shield (worn)
 e - a +0 cloak (worn)
 n - a +0 chain mail (worn)
Jewellery
 p - an uncursed amulet of guardian spirit
Scrolls
 b - a scroll of remove curse
 h - 4 scrolls of identify
 k - a scroll of blinking
 m - a scroll of fog {unknown}
Comestibles
 g - 4 meat rations
 o - a royal jelly


   Skills:
 + Level 4.3 Fighting
 + Level 3.2 Axes
 + Level 4.7 Armour
 - Level 3.2 Shields


You had 4 spell levels left.
You didn't know any spells.

Dungeon Overview and Level Annotations

Branches:
Dungeon (4/15)
 Temple: D:4-7

Altars:
Hepliaklqana
Qazlal

Annotations:
D:4 jvknxa's ghost, amateur TeAE


Innate Abilities, Weirdness & Mutations

You are resistant to torment.
Your stone body is resilient. (AC +4)
You are immune to poison.
You resist negative energy. (rN+)
You are resistant to electric shocks. (rElec)
You can survive without breathing.
You are immune to petrification.
You are immune to rotting.
You are partially covered in icy blue scales. (AC +2)
You are agile. (Dex +2)
Your natural rate of healing is unusually fast.


Message History

It was a potion of mutation.
You feel extremely strange.
You begin to heal more quickly.
You feel agile.
Icy blue scales grow over part of your body.
The leopard gecko hisses angrily.
The worker ant bites you.
* * * LOW HITPOINT WARNING * * *
It was a potion of cancellation.
Your magical effects are unravelling.
You feel magically purged.
You float gracefully downwards.
You feel a little less mighty now.
The worker ant bites you but does no damage.
You block the worker ant's attack. You block the worker ant's attack.
You block the gnoll's attack. The gnoll completely misses you.
Jvknxa's ghost waves its arms in wide circles.
The air twists around and strikes you!
* * * LOW HITPOINT WARNING * * *
The gnoll hits you with a whip.
You die...

#...#.# #...#.# .
#. .###...#.# .###
... .. ...#.#...[#
#...#. ..#.#....+
##..#.###.#.#.....
...............##
#......##a@.#...#
#......glg.<#...#
#.......##.##...#
###+#+#..Wg.....#
###...##..# #...#
.# #...# .. #...#
.. #...# ..


You could see a worker ant, jvknxa's ghost, 3 gnolls and a leopard gecko.

Vanquished Creatures
  An orc priest (D:3)
  4 adders
  An ooze (D:2)
  2 worms
  2 dart slugs (D:1)
  4 leopard geckos
  3 orcs (D:3)
  5 giant cockroaches
  7 goblins
  6 hobgoblins
  7 jackals
  8 kobolds
  A quokka (D:3)
  A ball python (D:2)
  7 bats
  3 frilled lizards
  7 rats
69 creatures vanquished.

Notes
Turn   | Place    | Note
-------+----------+-------------------------------------------
     0 | D:1      | Deeps the Gargoyle Fighter began the quest for the Orb.
     0 | D:1      | Reached XP level 1. HP: 14/14 MP: 1/1
   117 | D:1      | Reached XP level 2. HP: 19/19 MP: 2/2
   663 | D:1      | Reached XP level 3. HP: 20/24 MP: 3/3
   977 | D:2      | Found a stormy altar of Qazlal.
  1520 | D:2      | Reached XP level 4. HP: 29/29 MP: 4/4
  2506 | D:3      | Found a hazy altar of Hepliaklqana.
  2517 | D:3      | Reached XP level 5. HP: 32/33 MP: 5/5
  2616 | D:3      | HP: 1/33 [orc priest/nerve-wracking pain (1)]
  3089 | D:4      | Noticed jvknxa's ghost (amateur TeAE)
  3102 | D:4      | Gained mutation: Your natural rate of healing is unusually fast. [potion of mutation]
  3102 | D:4      | Gained mutation: You are agile. (Dex +2) [potion of mutation]
  3102 | D:4      | Gained mutation: You are partially covered in icy blue scales. (AC +2) [potion of mutation]
  3107 | D:4      | HP: 1/34 [jvknxa's ghost/the air (12)]
  3107 | D:4      | Slain by a gnoll

Vault maps used:
D:1:      matt_arrival_spirals
D:2:      nicolae_overflow_hidden_temple
D:3:      lemuel_statue_altar
D:4:      grunt_temple_overflow_order_and_chaos_2,
          grunt_temple_overflow_cloverleaf, first_bread, tgw_fedhas

Skill      XL: |  1  2  3  4 |
---------------+-------------+-----
Axes           | 2 3 |  3.2
Fighting       | 4 |  4.3
Armour         | 4 |  4.7
Shields        | |  3.2

Action                   |  1- 3 |  4- 6 || total
-------------------------+-------+-------++-------
Melee: War axe           |   151 |   145 ||   296
  Use: Scroll            |       |     8 ||     8
       Potion            |       |     6 ||     6
  Eat: Chunk             |     2 |     4 ||     6
       Bread ration      |       |     1 ||     1
Armor: Scale mail        |   106 |    20 ||   126
       Chain mail        |       |    68 ||    68
Dodge: Dodged            |    50 |    36 ||    86
Block: Shield            |    95 |    76 ||   171

Table legend:
 A = Spawn XP
 B = Non-spawn XP
 C = Spawn XP percentage of total XP
 D = Spawn monster count
 E = Non-spawn monster count
 F = Spawn count percentage of total count
 G = Total turns spent on level
                    A         B        C        D         E        F      G
               +---------+---------+-------+---------+---------+-------+---------
         Total |      19 |     205 |   8.5 |       9 |      60 |  13.0 |  3107
               +---------+---------+-------+---------+---------+-------+---------
           D:1 |      15 |      29 |  34.1 |       7 |      15 |  31.8 |   904
           D:2 |       2 |      45 |   4.3 |       1 |      17 |   5.6 |   978
           D:3 |       2 |     131 |   1.5 |       1 |      28 |   3.4 |  1207
               +---------+---------+-------+---------+---------+-------+---------
